 Dungeon Sprint DCSS version 0.24-a0-520-g8fd06ad (webtiles) character file.

Game seed: 486932522803587809

9764 schets the Unseen (level 11, -8/71 HPs)
             Began as a Vampire Assassin on July 27, 2019.
             Was the Champion of Dithmenos.
             Killed from afar by an oklob plant shifter (9 damage)
             ... with a splash of acid
             ... in the Dungeon (Sprint IV: "Fedhas' Mad Dash").
             The game lasted 00:10:24 (4860 turns).

schets the Unseen (Vampire Assassin)                Turns: 4860, Time: 00:10:24

Health: -8/71      AC:  3    Str: 12      XL:     11   Next: 27%
Magic:  14/15      EV: 18    Int: 12 (13) God:    Dithmenos [******]
Gold:   289        SH: 15    Dex: 18      Spells: 13/14 levels left

rFire    . . .     SeeInvis +   s - +0 rapier
rCold    + + .     Gourm    .   j - +2 shield
rNeg     + + +     Faith    .   a - +0 ring mail
rPois    ∞         Spirit   .   (no helmet)
rElec    .         Reflect  .   c - +0 cloak
rCorr    .         Harm     .   (no gloves)
MR       +....     NoTele   +   (no boots)
Stlth    ++++......             l - amulet of invisibility {+Inv}
HPRegen  0.00/turn              (no ring)
MPRegen  0.14/turn              (no ring)

@: corroded, contaminated, bloodless, regenerating quickly, glowing, invisible
(but backlit and visible) (expiring)
A: no food, fangs 3, see invisible, deterioration 1, unbreathing
a: Bat Form, Revivify, Shadow Step, Shadow Form, Renounce Religion


You were in the Dungeon.
You worshipped Dithmenos.
Dithmenos was exalted by your worship.
You were bloodless.

You visited 1 branch You collected 319 gold pieces.
You spent 30 gold pieces at shops.

Inventory:

Hand Weapons
 s - a +0 rapier (weapon)
Missiles
 d - 7 poisoned darts (quivered)
 e - 2 curare-tipped darts
Armour
 a - a +0 ring mail (worn)
 c - a +0 cloak (worn)
 j - a +2 shield (worn)
 o - a +0 leather armour
Jewellery
 l - the amulet of invisibility (around neck) {+Inv}
   (You found it in the Dungeon)

   [amulet of nothing]

   It lets you turn invisible.
Scrolls
 k - a scroll of blinking
Potions
 f - a potion of curing
 h - a potion of haste
 i - 2 potions of magic


   Skills:
 + Level 9.0 Fighting
 + Level 10.7 Short Blades
 - Level 1.5 Throwing
 + Level 6.3 Armour
 + Level 11.2 Dodging
 - Level 20.4 Stealth
 * Level 13.0 Shields
 - Level 2.0 Spellcasting
 - Level 2.0 Translocations
 - Level 5.3 Invocations


You had 13 spell levels left.
You knew the following spells:

 Your Spells              Type           Power        Failure   Level  Hunger
a - Apportation           Tloc           #.....       30%         1    N/A

Your spell library contained the following spells:

 Spells                   Type           Power        Failure   Level  Hunger
 Animate Skeleton         Necr           N/A          56%         1    N/A
 Confusing Touch          Hex            #.....       56%         1    N/A
 Summon Small Mammal      Summ           #...         56%         1    N/A

Dungeon Overview and Level Annotations

Branches:
Dungeon (1/1)

Altars:
Cheibriados
Dithmenos
Elyvilon
Gozag
Hepliaklqana
Kikubaaqudgha
Makhleb
Nemelex Xobeh
Okawaru
Qazlal
Ru
Sif Muna
Trog
Uskayaw
Vehumet
Wu Jian
Xom
Yredelemnul
Zin
The Shining One
Beogh
Jiyva
Lugonu

Shops:
D *[=:}?}?:[[

Annotations:
D exclusion: 2 oklob plants


Innate Abilities, Weirdness & Mutations

You do not eat.
You do not regenerate when monsters are visible.
You are frail without blood (-20% HP).
You are immune to poison.
You have razor-sharp teeth.
You have supernaturally acute eyesight. (SInv)
You can survive without breathing.
Your body sometimes deteriorates upon taking damage.


Message History

You hit the oklob plant meteorologist but do no damage.
The oklob plant meteorologist is severely damaged.
You hit the oklob plant meteorologist but do no damage.
The oklob plant meteorologist is severely damaged.
Your shadow hits the oklob plant meteorologist but does no damage.
You hit the oklob plant meteorologist.
The oklob plant meteorologist is severely damaged.
Your shadow hits the oklob plant meteorologist but does no damage.
You hit the oklob plant meteorologist but do no damage.
The oklob plant meteorologist is severely damaged.
Your shadow hits the oklob plant meteorologist but does no damage.
The oklob plant meteorologist stares at you and mumbles some strange words.
The bolt of lightning hits you!!!
Ouch! That really hurt!
* * * LOW HITPOINT WARNING * * *
You emit a cloud of dark smoke.
You flicker for a moment.
The oklob plant shifter spits acid at you.
The splash of acid hits you!
You die...

##'####'######.)'......♣..♣#
#..#....'.......#♣..♣♣♣.♣).#
#.(#..###.......#.♣♣..♣...♣'
############################
#%%....................# #
#∩...................P.#####
#∩.......................††(
#∩..........)............###
###########@############## *
#P...§§§§§§# ***,,*****
#....§§§P§P# *,,,,+,,,,
###...§§§### *,,,,*****
###...## **,,,,* *
#....****,,,,,*****
#....,,,,,,,,,+,,,,
#.....,,,,,,,,*****
********######*************


You could see an oklob plant shifter.

Vanquished Creatures
  Agnes (D)
  A spriggan defender (D)
  A spriggan berserker (D)
  A spriggan druid (D)
  6 oklob plants (D)
  2 demonic crawlers (D)
  3 burning bushes (D)
  3 wandering mushrooms (D)
  A queen bee (D)
  3 hornets (D)
  2 scorpions (D)
  4 killer bees (D)
  A worker ant (D)
  5 oklob saplings (D)
  6 spriggans (D)
  A river rat (D)
  A rat (D)
  A ballistomycete (D)
  A bush (D)
44 creatures vanquished.

Vanquished Creatures (others)
  3 ballistomycetes (D)
  2 ballistomycete spores (D)
  A bush (D)
  2 fungi (D)
8 creatures vanquished.

Grand Total: 52 creatures vanquished

Notes
Turn   | Place    | Note
-------+----------+-------------------------------------------
     0 | D        | schets the Vampire Assassin began the quest for the Orb.
     0 | D        | Reached XP level 1. HP: 16/16 MP: 1/1
    10 | D        | Reached skill level 8 in Stealth
    10 | D        | Reached XP level 2. HP: 22/22 MP: 2/2
    11 | D        | Reached skill level 9 in Stealth
   157 | D        | Noticed an oklob sapling
   159 | D        | Killed an oklob sapling
   159 | D        | Reached skill level 10 in Stealth
   159 | D        | Reached XP level 3. HP: 27/27 MP: 3/3
   162 | D        | Found the amulet of invisibility {+Inv}
   521 | D        | Found an opulent altar of Gozag.
   521 | D        | Found a hazy altar of Hepliaklqana.
   521 | D        | Found a burning altar of Makhleb.
   521 | D        | Found a roughly hewn altar of Beogh.
   521 | D        | Found a sparkling altar of Nemelex Xobeh.
   521 | D        | Found a snail-covered altar of Cheibriados.
   521 | D        | Found a sacrificial altar of Ru.
   521 | D        | Found a deep blue altar of Sif Muna.
   521 | D        | Found a shimmering altar of Xom.
   521 | D        | Found a basalt altar of Yredelemnul.
   522 | D        | Found a viscous altar of Jiyva.
   522 | D        | Found a bloodstained altar of Trog.
   522 | D        | Found an ornate altar of the Wu Jian Council.
   522 | D        | Noticed an oklob sapling priest
   523 | D        | Found an iron altar of Okawaru.
   523 | D        | Found a shadowy altar of Dithmenos.
   523 | D        | Found a glowing silver altar of Zin.
   524 | D        | Found an ancient bone altar of Kikubaaqudgha.
   524 | D        | Found a hide-covered altar of Uskayaw.
   525 | D        | Found a stormy altar of Qazlal.
   525 | D        | Found a white marble altar of Elyvilon.
   525 | D        | Found a glowing golden altar of the Shining One.
   526 | D        | Found a corrupted altar of Lugonu.
   526 | D        | Found a radiant altar of Vehumet.
   529 | D        | Killed an oklob sapling priest
   529 | D        | Reached skill level 11 in Stealth
   529 | D        | Reached XP level 4. HP: 23/26 MP: 1/4
   540 | D        | Became a worshipper of Dithmenos the Shadowed
  1717 | D        | Reached skill level 12 in Stealth
  1795 | D        | Gained mutation: Your body sometimes deteriorates upon
                  | taking damage. [mutagenic glow]
  2054 | D        | Reached skill level 5 in Shields
  2054 | D        | Reached skill level 1 in Invocations
  2054 | D        | Reached XP level 5. HP: 23/31 MP: 2/6
  2264 | D        | Reached * piety under Dithmenos
  2264 | D        | Reached skill level 1 in Armour
  2276 | D        | Reached skill level 5 in Dodging
  2314 | D        | Found Boyfidi's Gadget Shop.
  2314 | D        | Found Pogume's Book Emporium.
  2319 | D        | Noticed a burning bush
  2319 | D        | Noticed a wandering mushroom
  2320 | D        | Noticed a wandering mushroom
  2323 | D        | Killed a burning bush
  2323 | D        | Reached skill level 14 in Stealth
  2323 | D        | Reached XP level 6. HP: 38/38 MP: 5/8
  2324 | D        | Killed a wandering mushroom
  2324 | D        | Reached ** piety under Dithmenos
  2324 | D        | Reached skill level 5 in Short Blades
  2324 | D        | Reached XP level 7. HP: 44/44 MP: 5/9
  2325 | D        | Killed a wandering mushroom
  2325 | D        | Reached skill level 15 in Stealth
  2327 | D        | Reached XP level 8. HP: 48/48 MP: 5/11
  2441 | D        | Found Doiq's Book Emporium.
  2441 | D        | Found Qefain's Magic Scroll Shoppe.
  2505 | D        | Noticed a queen bee
  2512 | D        | Killed a queen bee
  2512 | D        | Reached skill level 5 in Fighting
  2513 | D        | Reached *** piety under Dithmenos
  2517 | D        | Reached skill level 16 in Stealth
  2735 | D        | Noticed an oklob plant
  2738 | D        | Killed an oklob plant
  2738 | D        | Reached **** piety under Dithmenos
  2738 | D        | Reached skill level 5 in Invocations
  2828 | D        | Noticed a burning bush
  2831 | D        | Killed a burning bush
  2831 | D        | Reached XP level 9. HP: 55/55 MP: 13/13
  3053 | D        | Noticed a burning bush
  3053 | D        | Noticed an oklob plant
  3054 | D        | Noticed a wandering mushroom
  3055 | D        | Killed a burning bush
  3055 | D        | Reached skill level 17 in Stealth
  3060 | D        | Killed an oklob plant
  3060 | D        | Reached skill level 10 in Shields
  3064 | D        | Killed a wandering mushroom
  3064 | D        | Reached ***** piety under Dithmenos
  3064 | D        | Reached skill level 18 in Stealth
  3086 | D        | Noticed a spriggan druid
  3087 | D        | Killed a spriggan druid
  3103 | D        | Noticed an oklob plant conjurer
  3104 | D        | Killed an oklob plant conjurer
  3112 | D        | Learned a level 1 spell: Apportation
  3304 | D        | Noticed an oklob plant
  3304 | D        | Noticed an oklob plant summoner
  3312 | D        | Noticed an oklob plant shifter
  3317 | D        | Killed an oklob plant summoner
  3317 | D        | Reached XP level 10. HP: 63/63 MP: 12/14
  3320 | D        | Killed an oklob plant shifter
  3320 | D        | Reached skill level 1 in Spellcasting
  3320 | D        | Reached skill level 1 in Translocations
  3345 | D        | Killed an oklob plant
  3345 | D        | Reached skill level 19 in Stealth
  3538 | D        | Noticed a spriggan rider
  3577 | D        | Found Toblot's Antique Armour Emporium.
  3582 | D        | Found Fyur's Antique Armour Shoppe.
  3585 | D        | Killed a spriggan rider
  3585 | D        | Reached ****** piety under Dithmenos
  3585 | D        | Reached skill level 10 in Dodging
  3693 | D        | Bought a scroll of remove curse for 30 gold pieces
  3784 | D        | Noticed Agnes
  3785 | D        | Found Uruti's Magic Scroll Emporium.
  3785 | D        | Found Neafam's Gadget Shoppe.
  3786 | D        | Killed Agnes
  3786 | D        | Reached skill level 10 in Short Blades
  3786 | D        | Reached skill level 5 in Armour
  3786 | D        | Reached skill level 20 in Stealth
  3816 | D        | Noticed a spriggan defender
  3818 | D        | Killed a spriggan defender
  3818 | D        | Reached XP level 11. HP: 69/69 MP: 10/15
  3832 | D        | Noticed a spriggan berserker
  3834 | D        | Killed a spriggan berserker
  3985 | D        | Noticed a spriggan rider
  4808 | D        | Found Qojedgh's Jewellery Emporium.
  4808 | D        | Found Dainnapeth's Antique Armour Boutique.
  4808 | D        | Found Rurchiuc's General Store.
  4823 | D        | Noticed an oklob plant meteorologist
  4845 | D        | Noticed an oklob plant shifter
  4857 | D        | HP: 1/71 [oklob plant meteorologist/bolt of lightning (38)]
  4860 | D        | Killed from afar by an oklob plant shifter

Levels and vault maps discovered:
D:        dungeon_sprint_fedhas [sprint_temple]

Skill      XL: |  1  2  3  4  5  6  7  8  9 10 11 |
---------------+----------------------------------+-----
Stealth        | 8 10 11 12 14 15 16 18 20 | 20.4
Dodging        | 2 4 5 6 8 9 10 11 | 11.2
Shields        | 2 4 5 6 7 8 9 10 12 13 | 13.0
Fighting       | 2 3 4 6 7 8 9 |  9.0
Short Blades   | 3 4 5 6 7 8 10 | 10.7
Invocations    | 1 3 4 5 |  5.3
Armour         | 2 3 5 6 |  6.3
Spellcasting   | 2 |  2.0
Translocations | 2 |  2.0
Throwing       | |  1.5

Action                   |  1- 3 |  4- 6 |  7- 9 | 10-12 || total
-------------------------+-------+-------+-------+-------++-------
Melee: Dagger            |     7 |    16 |       |       ||    23
       Bite              |     1 |     2 |     3 |    14 ||    20
       Short sword       |       |     2 |    30 |    20 ||    52
       Rapier            |       |       |       |    73 ||    73
Throw: Dart              |       |       |     1 |    10 ||    11
Invok: Shadow Step       |       |       |       |     3 ||     3
 Abil: Exsanguinate      |     2 |     2 |       |       ||     4
       Evoke Invisibilit |     1 |     5 |     5 |     7 ||    18
       Revivify          |     1 |     2 |       |       ||     3
Evoke: Box of beasts     |       |       |       |     1 ||     1
  Use: Potion            |     1 |       |       |     1 ||     2
       Scroll            |       |       |     2 |     2 ||     4
 Stab: Sleeping          |     3 |     6 |    15 |     8 ||    32
       Invisible         |       |       |     1 |     2 ||     3
       Distracted        |       |       |       |     1 ||     1
Armor: Robe              |     2 |       |       |       ||     2
       Ring mail         |       |       |       |    10 ||    10
Dodge: Dodged            |     4 |     9 |       |    35 ||    48
Block: Shield            |       |       |       |    52 ||    52

Table legend:
 A = Non-vault XP
 B = Vault XP
 C = Vault XP percentage of total XP
 D = Non-vault monster count
 E = Vault monster count
 F = Vault count percentage of total count
                 A         B        C        D         E       F
            +---------+---------+-------+---------+---------+-------
      Total |     282 |   13667 |  98.0 |       1 |      41 |  97.6
            +---------+---------+-------+---------+---------+-------
          D |     282 |   13667 |  98.0 |       1 |      41 |  97.6
            +---------+---------+-------+---------+---------+-------
